 Dungeon Crawl Stone Soup version 0.31-a0-232-gb1c03b2570 (webtiles) character file.

Game seed: 3062042913464391759

109 qw the Shooter (level 4, -1/37 HPs)
             Began as a Minotaur Hexslinger on July 7, 2023.
             Slain by Grinder (5 damage)
             ... on level 3 of the Dungeon.
             The game lasted 00:01:00 (2339 turns).

qw the Shooter (Minotaur Hexslinger)                Turns: 2339, Time: 00:01:01

Health: -1/37      AC:  4    Str: 13    XL:     4   Next: 59%
Magic:  4/4        EV: 12    Int: 10    God:
Gold:   101        SH:  0    Dex: 14    Spells: 4/5 levels left

rFire   . . .        Y - +1 sling
rCold   . . .        (no shield)
rNeg    . . .        f - +0 leather armour
rPois   .            (helmet restricted)
rElec   .            (no cloak)
rCorr   .            (no gloves)
SInv    .            c - +0 pair of boots
Will    .....        g - amulet of regeneration
Stlth   +            (no ring)
HPRegen 1.06/turn    (no ring)
MPRegen 0.09/turn

%: no passive effects
@: no status effects
A: horns 2, retaliatory headbutt
a: no special abilities


You were on level 3 of the Dungeon.
You visited 1 branch of the dungeon, and saw 3 of its levels.

You collected 129 gold pieces.
You spent 28 gold pieces at shops.


Innate Abilities, Weirdness & Mutations

You have a pair of horns on your head.
You reflexively headbutt those who attack you in melee.


   Skills:
 + Level 2.4 Fighting
 - Level 5.0 Ranged Weapons
 - Level 2.1 Dodging
 - Level 1.0 Spellcasting
 - Level 2.0 Hexes


You had 4 spell levels left.
You knew the following spells:

 Your Spells              Type           Power      Damage    Failure   Level
a - Slow                  Hex            16%        N/A       19%         1

Your spell library contained the following spells:

 Spells                   Type           Power      Damage    Failure   Level
 Inner Flame              Hex/Fire       2%         N/A       65%         3
 Portal Projectile        Hex/Tloc       4%         N/A       65%         3
 Cause Fear               Hex            2%         N/A       88%         4

Inventory:

Hand Weapons
 Y - a +1 sling (weapon)
Armour
 a - a +0 ring mail
 c - a +0 pair of boots (worn)
 f - a +0 leather armour (worn)
Jewellery
 g - an amulet of regeneration (around neck)
Scrolls
 e - a scroll of acquirement {unknown}
Potions
 b - a potion of degeneration {unknown}
 d - 2 potions of enlightenment

Dungeon Overview and Level Annotations

Branches:
Dungeon (3/15)

Altars:
Dithmenos
Xom
The Shining One

Shops:
D:1 *

Annotations:
D:3 1 transporter, Grinder


Message History

The kobold hits you but does no damage.
You shoot a sling bullet.
The sling bullet closely misses the kobold.
The kobold hits you but does no damage.
You shoot a sling bullet. The sling bullet hits the kobold.
You kill the kobold!
You shoot a sling bullet. The sling bullet barely misses Grinder.
Grinder closely misses you.
You shoot a sling bullet. The sling bullet hits Grinder!
Grinder is heavily wounded.
Grinder closely misses you.
You shoot a sling bullet. The sling bullet hits Grinder.
Grinder is heavily wounded.
Grinder hits you!
You writhe in agony.
You shoot a sling bullet.
The sling bullet completely misses Grinder.
Grinder closely misses you.
You shoot a sling bullet.
The sling bullet hits Grinder but does no damage.
Grinder is heavily wounded.
Grinder misses you.
You shoot a sling bullet. The sling bullet hits Grinder.
Grinder is severely wounded.
Grinder gestures at you. Pain shoots through your body! Grinder hits you.
You writhe in agony.
You shoot a sling bullet. The sling bullet barely misses Grinder.
Grinder gestures at you.
You suddenly lose the ability to move!
Grinder hits you.
You writhe in agony.
Grinder hits you.
You writhe in agony.
You can move again.
You shoot a sling bullet.
The sling bullet closely misses Grinder.
Grinder gestures at you. Pain shoots through your body!
You shoot a sling bullet.
The sling bullet hits Grinder but does no damage.
Grinder is severely wounded.
Grinder hits you.
You die...

##.#######.#.................
#..........###.#.##.#........
############.....##.#########
#.###......### #.#
#.####...##
#####.###......#..####
#......######.........
#.###5.# #..######## #@.#
#.##lsS.... #...)..#
#.#8.#...#. #......#
#.#...#.#.? #.......
...#.......( #........
..^#..^....$
#.#########..#.......[ #. #.$
# .#. ..o


You could see Grinder.

Vanquished Creatures
  3 adders
  A worm (D:2)
  4 dart slugs
  4 orcs (D:3)
  5 endoplasms
  2 giant cockroaches
  4 goblins
  3 hobgoblins
  2 jackals (D:3)
  6 quokkas
  9 ball pythons
  5 bats
  5 frilled lizards
  5 kobolds
  7 rats
65 creatures vanquished.

Notes
Turn   | Place    | Note
-------+----------+-------------------------------------------
     0 | D:1      | qw the Minotaur Hexslinger began the quest for the Orb.
     0 | D:1      | Reached XP level 1. HP: 16/16 MP: 1/1
     0 | D:1      | 0 ||| qw: Version: 0.3-a-46-gb1f654a
     0 | D:1      | 0 ||| qw: Game counter: 2505
     0 | D:1      | 0 ||| qw: Melee chars always use a shield: true
     0 | D:1      | 0 ||| qw: God list: Okawaru
     0 | D:1      | 0 ||| qw: Allow faded altars: false
     0 | D:1      | 0 ||| qw: Do Orc after clearing Dungeon:15 true
     0 | D:1      | 0 ||| qw: Do second Lair branch before Depths: true
     0 | D:1      | 0 ||| qw: Lair rune preference: random
     0 | D:1      | 0 ||| qw: Goals: Normal
     0 | D:1      | 0 ||| PLANNING D:1-11
   120 | D:1      | Reached skill level 3 in Ranged Weapons
   156 | D:1      | Found a faded altar of an unknown god.
   161 | D:1      | Reached XP level 2. HP: 23/23 MP: 2/2
   515 | D:1      | Found Inoveac's General Store.
   522 | D:1      | 522 ||| BUYING +0 leather armour (28 gold).
   522 | D:1      | Bought a +0 leather armour for 28 gold pieces
   522 | D:1      | 522 ||| SHOPLISTING scroll of enchant armour (105 gold,
                  | have 28).
   695 | D:1      | 695 ||| UPGRADING to +0 leather armour.
   705 | D:1      | 705 ||| DROPPING +0 robe.
   706 | D:1      | 706 ||| READING scroll labelled XYUFRUPTEE.
   707 | D:1      | 707 ||| DRINKING 2 puce potions.
   708 | D:1      | 708 ||| DRINKING 2 fizzy sapphire potions.
   709 | D:1      | 709 ||| DROPPING scroll of poison.
   710 | D:1      | 710 ||| DROPPING potion of attraction.
   972 | D:2      | Reached XP level 3. HP: 29/29 MP: 3/3
   991 | D:2      | 991 ||| Stepping ~*~*~tactically~*~*~ (outnumbered).
  1243 | D:2      | Reached skill level 4 in Ranged Weapons
  1759 | D:2      | Reached XP level 4. HP: 35/36 MP: 4/4
  1929 | D:2      | 1929 ||| UPGRADING to +0 pair of boots.
  1934 | D:2      | 1934 ||| UPGRADING to amulet of regeneration.
  1939 | D:2      | 1939 ||| READING scroll labelled MUKURORPH JUWOS.
  1940 | D:2      | 1940 ||| READING 3 scrolls labelled LOONTYNEJEUHU.
  1941 | D:2      | 1941 ||| READING scroll labelled QAUQEE FUBYWEA.
  1945 | D:2      | 1945 ||| DRINKING 2 yellow potions.
  1946 | D:2      | 1946 ||| DROPPING potion of brilliance.
  1947 | D:2      | 1947 ||| DROPPING 2 scrolls of amnesia.
  2028 | D:3      | Reached skill level 5 in Ranged Weapons
  2141 | D:3      | Found a glowing golden altar of the Shining One.
  2142 | D:3      | Found a shimmering altar of Xom.
  2142 | D:3      | Noticed a scorpion
  2144 | D:3      | Found a shadowy altar of Dithmenos.
  2144 | D:3      | Noticed an ogre
  2220 | D:3      | Found a transporter.
  2296 | D:3      | Noticed Grinder
  2298 | D:3      | Paralysed by Grinder for 5 turns
  2335 | D:3      | Paralysed by Grinder for 3 turns
  2338 | D:3      | HP: 2/37 [Grinder/nerve-wracking pain (9)]
  2339 | D:3      | Slain by Grinder

Levels and vault maps discovered:
D:1:      beargit_arrival_greenhouse, layout_loops_ring,
          hellmonk_ecumenical_altar_zigzags, serial_shops, shop_statue,
          dk_noncrumbling_2, minmay_tree_intersection, minivault_4
D:2:      kb_forest_paths, layout_basic, chequers_serial_rivers_large_a
D:3:      layout_basic, gammafunk_temple_overflow_arena,
          nicolae_figureground_pulse, uniq_grinder

Skill      XL: |  1  2  3  4 |
---------------+-------------+-----
Ranged Weapons | 3 4 5 |  5.0
Fighting       | 2 |  2.4
Dodging        | |  2.1
Spellcasting   | |  1.0
Hexes          | |  2.0

Action                     |  1- 3 |  4- 6 || total
---------------------------+-------+-------++-------
   Fire: Sling             |   173 |    86 ||   259
    Use: Potion            |     2 |     1 ||     3
         Scroll            |     1 |     3 ||     4
 Armour: Robe              |     5 |       ||     5
         Leather armour    |    17 |    10 ||    27
  Dodge: Dodged            |    53 |    30 ||    83

Table legend:
 A = Non-vault XP
 B = Vault XP
 C = Vault XP percentage of total XP
 D = Non-vault monster count
 E = Vault monster count
 F = Vault count percentage of total count
                 A         B        C        D         E       F
            +---------+---------+-------+---------+---------+-------
      Total |     142 |      14 |   9.0 |      59 |       6 |   9.2
            +---------+---------+-------+---------+---------+-------
        D:1 |      35 |       0 |   0.0 |      22 |       0 |   0.0
        D:2 |      56 |      14 |  20.0 |      18 |       6 |  25.0
        D:3 |      51 |       0 |   0.0 |      19 |       0 |   0.0
            +---------+---------+-------+---------+---------+-------
